 Dungeon Crawl Stone Soup version 0.32-a0-656-g3542139ebd (webtiles) character file.

Game seed: 16384461481889200870

46 kae the Slasher (level 3, -1/27 HPs)
             Began as a Coglin Gladiator on Mar 8, 2024.
             Slain by a gnoll
             ... wielding a +2 whip of venom
              (3 damage)
             ... on level 2 of the Dungeon.
             The game lasted 00:00:48 (620 turns).

kae the Slasher (Coglin Gladiator)                   Turns: 620, Time: 00:00:48

Health: -1/27      AC:  5    Str: 14    XL:     3   Next: 68%
Magic:  3/3        EV: 12    Int:  7    God:
Gold:   15         SH:  0    Dex: 17    Spells: 2/2 levels left

rFire   . . .        a - +0 long sword {Myungok}
rCold   . . .        g - +1 dagger (speed) {Jaspreet}
rNeg    . . .        b - +0 leather armour
rPois   .            c - +1 helmet
rElec   .            (no cloak)
rCorr   .            (no gloves)
SInv    .            (no boots)
Will    .....        (amulet unavailable)
Stlth   +            (ring unavailable)
HPRegen 0.24/turn    (ring unavailable)
MPRegen 0.08/turn    (no gizmo)

%: no passive effects
@: brilliant, lethally poisoned (-1 -> -8), hasted, revving, very quick
A: off-hand wielding, slow wielding, warmup strikes, no jewellery
a: Invent Gizmo


You were on level 2 of the Dungeon.
You visited 1 branch of the dungeon, and saw 3 of its levels.

You collected 15 gold pieces.


Innate Abilities, Weirdness & Mutations

You can wield a second weapon in your off-hand.
It takes a long time for you to wield or remove held weapons.
Your first few attacks do less damage.
You cannot equip rings or amulets.


   Skills:
 - Level 2.0 Fighting
 + Level 4.5 Long Blades
 - Level 1.7 Throwing
 - Level 2.6 Dodging


You had 2 spell levels left.
You didn't know any spells.
Your spell library contained the following spells:

 Spells                   Type           Power      Damage    Failure   Level
 Blink                    Tloc           0%         N/A       65%         2
 Lesser Beckoning         Tloc           0%         N/A       65%         2
 Momentum Strike          Conj/Tloc      0%         3d8       65%         2

Inventory:

Hand Weapons
 a - a +0 long sword (weapon) {Myungok}
 f - a +0 dagger {Ermengarde}
 g - a +1 dagger of speed (offhand) {Jaspreet}
   (You took it off a goblin on level 1 of the Dungeon)
Missiles
 d - 3 throwing nets (quivered) {=f!f}
 e - a javelin
 m - 6 stones
Armour
 b - a +0 leather armour (worn)
 c - a +1 helmet (worn)

Dungeon Overview and Level Annotations

Branches:
Dungeon (3/15) Zot: 17387

Altars:

#...........#
#...........+
#...........#
#...........#
#...........#
#...........#
#ow..)......#
#goo........#
#@rg.........
#g#(######.##
#.#....###.#
#.#.##.#.†.#
#.###.†....#
#.. +......#
### #......#
#......#
#......#


You could see 3 gnolls, a dart slug, 3 orcs and a quokka.


Message History

You hit the gnoll but do no damage.
You hit the gnoll with your +0 long sword.
The gnoll misses you. The gnoll hits you with a +0 flail!
The quokka closely misses you.
You hit the gnoll with your +1 dagger of speed.
You hit the gnoll with your +0 long sword.
You kill the gnoll!
The gnoll hits you with a +0 club. The quokka barely misses you. 😮 HP[-7]
You take 7 damage, and now have 20/27 hp.
MASSIVE DAMAGE!! (PAUSE)
The quokka attacks as it pursues you! The quokka bites you. 😮 HP[-2]
You take 2 damage, and now have 18/27 hp.
The gnoll attacks as it pursues you! The gnoll misses you.
You see here 4 stones.
The gnoll hits you with a +0 whip. The gnoll attacks as it pursues you!
The gnoll closely misses you. 😮 HP[-2]
You take 2 damage, and now have 16/27 hp.
The quokka barely misses you.
There is a stone staircase leading down here. 😮 HP[+1]
The quokka bites you.
You climb downwards.
The orc shouts! x2; The orc priest shouts!
The orc shouts! x2
You hear a shout! x3; You hear an angry hiss.
The orc priest threatens, "Beogh's wrath is as vast as their mercy.
Make your choice!" (press Y on the ability menu to convert to Beogh)
There is a stone staircase leading up here. 😮 HP[-2]
You take 2 damage, and now have 15/27 hp.
You aren't carrying any scrolls.
Unknown command.
It was a potion of brilliance.
You feel clever all of a sudden. The gnoll barely misses you.
The quokka bites you but does no damage.
The orc closely misses you. The orc hits you with a +0 hand axe.
* * * LOW HITPOINT WARNING * * *
😨 HP[-2]
You take 2 damage, and now have 13/27 hp.
Unknown command.
You feel much better.
The quokka bites you but does no damage.
The gnoll closely misses you.
An orc comes into view. It is wielding a +0 short sword.
An orc comes into view. It is wielding a +0 hand axe.
The orc hits you with a +0 short sword. The orc hits you with a +0 falchion.
An orc comes into view. It is wielding a +0 club.
The orc hits you but does no damage.
A frilled lizard comes into view. 😕 HP[+12]
You regained 12 hp, and now have 25/27 hp.
It was a potion of haste.
You feel yourself speed up.
The quokka bites you but does no damage.
The gnoll hits you with a +0 whip. The orc hits you with a +0 short sword.
The orc closely misses you. The orc barely misses you. 😮 HP[-6]
You take 6 damage, and now have 19/27 hp.
MASSIVE DAMAGE!! (PAUSE) It was a potion of magic.
Magic courses through your body. The quokka barely misses you.
The gnoll hits you with a +0 whip. 😮 HP[-3]
You take 3 damage, and now have 16/27 hp.
Unknown command.
You can't go down here!
The quokka bites you. The orc hits you but does no damage. x2
The orc barely misses you.
You climb upwards.
The gnoll hits you but does no damage.
The gnoll hits you with a +2 whip of venom.
* * * LOW HITPOINT WARNING * * *
There is a stone staircase leading down here. 😨 HP[-5]
You take 5 damage, and now have 11/27 hp.
Unknown command.
You hit the gnoll with your +1 dagger of speed.
You barely miss the gnoll with your +0 long sword.
The gnoll closely misses you. The gnoll barely misses you.
The quokka closely misses you.
You hit the gnoll with your +1 dagger of speed.
You closely miss the gnoll with your +0 long sword.
The orc hits you but does no damage. 😨 HP[+1]
You closely miss the gnoll with your +1 dagger of speed.
You hit the gnoll but do no damage. The gnoll barely misses you.
The gnoll hits you with a +2 whip of venom.
* * * LOW HITPOINT WARNING * * *
You are lethally poisoned!
The quokka closely misses you. The orc misses you. 😨 HP[-5]
You take 5 damage, and now have 7/27 hp.
You closely miss the gnoll with your +1 dagger of speed.
You hit the gnoll with your +0 long sword.
* * * LOW HITPOINT WARNING * * *
You feel sick. The quokka bites you.
* * * LOW HITPOINT WARNING * * *
The gnoll barely misses you.
The gnoll hits you with a +2 whip of venom.
You die...

Skill      XL: |  1  2 |
---------------+-------+-----
Long Blades    | 4 |  4.5
Fighting       | |  2.0
Throwing       | |  1.7
Dodging        | |  2.6

Action                     || total
---------------------------++-------
  Melee: Long sword        ||    58
         Dagger            ||    49
    Use: Potion            ||     4
         Scroll            ||     3
   Stab: Sleeping          ||     3
 Armour: Leather armour    ||    50
  Dodge: Dodged            ||    47

Levels and vault maps discovered:
D:1:      giann_horns, layout_rooms, hangedman_feature_mirror
D:2:      layout_basic, kennysheep_flooded_box, chequers_arboretum
D:3:      layout_rooms, jmf_multi_god_temple2

Notes
Turn   | Place    | Note
-------+----------+-------------------------------------------
     0 | D:1      | kae the Coglin Gladiator began the quest for the Orb.
     0 | D:1      | Reached XP level 1. HP: 16/16 MP: 1/1
     0 | D:1      | magus.rc [v1.11.3]
   126 | D:1      | Reached XP level 2. HP: 22/22 MP: 2/2
   130 | D:1      | You pick up a book of Spatial Translocations and begin
                  | reading...
   130 | D:1      | You add the spells Blink, Momentum Strike and Lesser
                  | Beckoning to your library.
   271 | D:1      | Reached skill level 4 in Long Blades
   274 | D:1      | Reached XP level 3. HP: 26/27 MP: 3/3
   620 | D:2      | HP: 5/27 [poisoned by a gnoll]
   620 | D:2      | HP: 2/27 [quokka (3)]
   620 | D:2      | Slain by a gnoll

Vanquished Creatures
  A gnoll (D:2)
  4 endoplasms (D:1)
  A giant cockroach (D:2)
  5 goblins (D:1)
  6 hobgoblins
  4 jackals (D:1)
  2 kobolds (D:1)
  A quokka (D:1)
  2 ball pythons (D:1)
  3 bats
  A frilled lizard (D:2)
  A rat (D:1)
31 creatures vanquished.

Table legend:
 A = Non-vault XP
 B = Vault XP
 C = Vault XP percentage of total XP
 D = Non-vault monster count
 E = Vault monster count
 F = Vault count percentage of total count
                 A         B        C        D         E       F
            +---------+---------+-------+---------+---------+-------
      Total |      63 |       4 |   6.0 |      29 |       2 |   6.5
            +---------+---------+-------+---------+---------+-------
        D:1 |      43 |       4 |   8.5 |      24 |       2 |   7.7
        D:2 |      20 |       0 |   0.0 |       5 |       0 |   0.0
            +---------+---------+-------+---------+---------+-------

Skill      XL: |  1  2 |
---------------+-------+-----
Long Blades    | 4 |  4.5
Fighting       | |  2.0
Throwing       | |  1.7
Dodging        | |  2.6

Action                     || total
---------------------------++-------
  Melee: Long sword        ||    58
         Dagger            ||    49
    Use: Potion            ||     4
         Scroll            ||     3
   Stab: Sleeping          ||     3
 Armour: Leather armour    ||    50
  Dodge: Dodged            ||    47

Illustrated notes

Table legend:
 A = Kills in this place as a percentage of kills in the entire game.
 B = Kills by you in this place as a percentage of kills by you in the entire game.
 C = Kills by friends in this place as a percentage of kills by friends in the entire game.
 D = Other kills in this place as a percentage of other kills in the entire game.
 E = Experience gained in this place as a percentage of experience gained in the entire game.
 F = Experience gained in this place divided by the number of levels of this place that you have seen.
                   A       B       C       D       E      F
               +-------+-------+-------+-------+-------+----------------------
         Total | 100.0 | 100.0 |   N/A |   N/A | 100.0 |  22.3
       Dungeon | 100.0 | 100.0 |   N/A |   N/A | 100.0 |  22.3
               +-------+-------+-------+-------+-------+----------------------

Table legend: (Time is in decaauts)
 A = Elapsed time spent in this place.
 B = Non-inter-level travel time spent in this place.
 C = Inter-level travel time spent in this place.
 D = Time resting spent in this place.
 E = Time spent auto-exploring this place.
 F = Levels seen in this place.
 G = Mean time per level.
                   A        B        C        D        E       F      G
               +--------+--------+--------+--------+--------+-----+--------+
         Total |    612 |    590 |     22 |      0 |    401 |   3 |  204.0 |
       Dungeon |    612 |    590 |     22 |      0 |    401 |   3 |  204.0 |
               +--------+--------+--------+--------+--------+-----+--------+

Top non-repeatable levels by time:
     D:1: 532 daAuts
     D:2: 75 daAuts
     D:3: 4 daAuts
